 Dungeon Crawl Stone Soup version 0.24.0-125-gc4c63601f3 (webtiles) character file.

Game seed: 14491804807181061247, levelgen mode: deterministic

2 Lemonice the Caller (level 1, -2/13 HPs)
             Began as a Barachi Summoner on Feb 20, 2020.
             Slain by a hobgoblin
             ... wielding a +0 club
              (4 damage)
             ... on level 1 of the Dungeon.
             The game lasted 00:00:58 (123 turns).

Lemonice the Caller (Barachi Summoner)               Turns: 123, Time: 00:00:59

Health: -2/13      AC:  2    Str:  9    XL:     1   Next: 40%
Magic:  1/3        EV: 12    Int: 15    God:
Gold:   0          SH:  0    Dex: 12    Spells: 3/4 levels left

rFire    . . .     SeeInvis .   e - +0 club
rCold    . . .     Gourm    .   (no shield)
rNeg     . . .     Faith    .   a - +0 robe
rPois    .         Spirit   .   (no helmet)
rElec    .         Reflect  .   (no cloak)
rCorr    .         Harm     .   (no gloves)
MR       .....     Rnd*Tele +   (no boots)
Stlth    ++........             (no amulet)
HPRegen  0.04/turn              b - ring of teleportation (curse)
MPRegen  0.08/turn              (no ring)

@: slow
A: +LOS, swims, slowness 1, strong legs 1
a: Hop


You were on level 1 of the Dungeon.
You were not hungry.

You visited 1 branch of the dungeon, and saw 1 of its levels.

Inventory:

Hand Weapons
 e - a +0 club (weapon)
Armour
 a - a +0 robe (worn)
Jewellery
 b - a cursed ring of teleportation (left hand)
Potions
 d - a potion of curing {unknown}
Comestibles
 c - a ration


   Skills:
 + Level 0.1 Fighting
 + Level 2.4 Dodging
 - Level 1.7 Stealth
 + Level 2.2 Spellcasting
 + Level 4.8 Summonings


You had 3 spell levels left.
You knew the following spells:

 Your Spells              Type           Power        Failure   Level  Hunger
a - Summon Small Mammal   Summ           ###.         3%          1    #......

Your spell library contained the following spells:

 Spells                   Type           Power        Failure   Level  Hunger
 Call Imp                 Summ           ###.....     4%          2    ###....
 Call Canine Familiar     Summ           ###.....     9%          3    ###....
 Summon Guardian Golem    Hex/Summ       #.......     24%         3    ###....
 Summon Ice Beast         Ice/Summ       #.......     63%         4    #####..
 Summon Lightning Spire   Summ/Air       #.......     63%         4    #####..


Dungeon Overview and Level Annotations

Branches:
Dungeon (1/15)

Altars:


Innate Abilities, Weirdness & Mutations

Shadows flee at your approach. (+LOS)
You can swim through water.
You cover ground slowly.
You can hop short distances.


Message History

Casting: Summon Small Mammal (safe; 3% risk of failure)
Confirm with . or Enter, or press ? or * to list all spells.
The hobgoblin hits you but does no damage.
The hobgoblin closely misses you.
You swap places.
Something misses your bat. Something barely misses your bat.
The hobgoblin barely misses your bat.
Your bat hits the hobgoblin but does no damage.
Your bat misses the hobgoblin.
Your bat barely misses the hobgoblin.
The hobgoblin hits your bat but does no damage.
Your bat hits the hobgoblin but does no damage.
Your bat hits the hobgoblin but does no damage. x2
Your bat hits the bat but does no damage.
Your bat hits the hobgoblin but does no damage.
The bat barely misses your bat.
Your bat hits the hobgoblin. The bat hits your bat.
Your bat misses the bat. The bat closely misses your bat.
Casting: Summon Small Mammal (safe; 3% risk of failure)
Confirm with . or Enter, or press ? or * to list all spells.
Your bat barely misses the hobgoblin.
The hobgoblin hits you with a +0 club.
You die...

#. ............## #.
#............# #.
............. #.##
#..#......# ..#
##....##...# #.#
##b..####...#
#.#####g.#.#.gbb..#
####..#.gbb##g#.####..#
#########.....b@####..b.#
..# #.........###.###
##..### ...# ##.#########
##..# #[..# ..# #...#
##.# #.#.# ... ..#...#
#.# #.#.# #.. #####....#
#.###.#.# . # ###..
##..##.#.# ### #.
#.†....### ##>## #......#


You could see 2 hobgoblins, 2 bats and 2 friendly bats.

Vanquished Creatures
  A goblin (D:1)
  A rat (D:1)
2 creatures vanquished.

Vanquished Creatures (collateral kills)
  A goblin (D:1)
1 creature vanquished.

Grand Total: 3 creatures vanquished

Notes
Turn   | Place    | Note
-------+----------+-------------------------------------------
     0 | D:1      | Lemonice the Barachi Summoner began the quest for the Orb.
     0 | D:1      | Reached XP level 1. HP: 13/13 MP: 3/3
   123 | D:1      | Slain by a hobgoblin

Levels and vault maps discovered:
D:1:      minmay_arrival_split_and_join, layout_rooms

Action                   || total
-------------------------++-------
Melee: Club              ||     9
       Unarmed           ||     4
 Cast: Summon Small Mamm ||     4
 Stab: Sleeping          ||     1
Armor: Robe              ||     6
Dodge: Dodged            ||    27
